 Dungeon Crawl Stone Soup version 0.30-a0-948-g4fa250aae5 (webtiles) character file.

Game seed: 14704764272080626990

21 FallingFreak the Grasshopper (level 2, -1/25 HPs)
             Began as a Ghoul Warper on Mar 26, 2023.
             Slain by a goblin
             ... wielding a +1 dagger of protection
              (3 damage)
             ... on level 1 of the Dungeon.
             The game lasted 00:03:00 (923 turns).

FallingFreak the Grasshopper (Ghoul Warper)          Turns: 923, Time: 00:03:00

Health: -1/25      AC:  3    Str: 14    XL:     2   Next: 87%
Magic:  4/4        EV: 11    Int:  8    God:
Gold:   26         SH:  0    Dex:  8    Spells: 5/5 levels left

rFire   . . .      SeeInvis .    a - +0 spear
rCold   + . .      Faith    .    (no shield)
rNeg    + + +      Spirit   .    b - +0 leather armour
rPois   ∞          Reflect  .    (no helmet)
rElec   .          Rampage  .    (no cloak)
rCorr   .                        (no gloves)
Will    .....                    (no boots)
Stlth   +                        (no amulet)
HPRegen 0.00/turn                (no ring)
MPRegen 0.09/turn                (no ring)

@: inhibited regen
A: claws 1, cold resistance 1, negative energy resistance 3, inhibited
regeneration, torment resistance 2, devour on kill
a: no special abilities


You were on level 1 of the Dungeon.
You visited 1 branch of the dungeon, and saw 1 of its levels.

You collected 26 gold pieces.

Inventory:

Hand Weapons
 a - a +0 spear (weapon)
 k - a +2 dagger of speed
Missiles
 d - 5 boomerangs of dispersal (quivered) {!f}
Armour
 b - a +0 leather armour (worn)
Jewellery
 c - a ring of ice
Scrolls
 e - a scroll of torment {unknown}
 f - a scroll of blinking
 l - a scroll of fear {unknown}
Potions
 g - a potion of curing {unknown}
 h - a potion of haste {unknown}
 i - 2 potions of heal wounds {unknown}
 j - a potion of degeneration {unknown}


   Skills:
 + Level 2.5 Fighting
 + Level 2.0 Polearms
 - Level 0.8 Throwing
 + Level 1.2 Armour
 - Level 1.7 Dodging
 + Level 2.0 Spellcasting
 + Level 2.9 Translocations


You had 5 spell levels left.
You didn't know any spells.
Your spell library contained the following spells:

 Spells                   Type           Power      Damage    Failure   Level
 Blink                    Tloc           10%        N/A       21%         2
 Lesser Beckoning         Tloc           10%        N/A       21%         2
 Teleport Other           Tloc           5%         N/A       36%         3
 Vhi's Electric Charge    Tloc/Air       6%         N/A       58%         3
 Manifold Assault         Tloc           5%         N/A       78%         4


Dungeon Overview and Level Annotations

Branches:
Dungeon (1/15) Zot: 5074

Altars:


Innate Abilities, Weirdness & Mutations

You are immune to poison.
You have sharp fingernails.
Your flesh is cold resistant. (rC+)
You are immune to negative energy. (rN+++)
You do not regenerate when monsters are visible.
You are immune to unholy pain and torment.
You thrive by killing the living.


Message History

The boomerang of dispersal {!f} barely misses the goblin.
The gnoll hits you with a +2 whip of venom.
* * * LOW HITPOINT WARNING * * *
Throw: 6 boomerangs (disperse) {!f}
Press: ? - help, Q - select action Shift-Dir - straight line, f/p - gnoll
Aim: a gnoll, wielding a +2 whip of venom (58% to hit)
You throw a boomerang of dispersal {!f}.
The boomerang of dispersal {!f} hits the gnoll and shatters for extra damage!
The gnoll blinks!
The gnoll is heavily wounded.
The goblin hits you but does no damage.
The goblin hits you with a +1 dagger of protection.
* * * LOW HITPOINT WARNING * * *
Reach: a) +0 spear
Press: ? - help, Dir - move target, f - goblin, p - gnoll
Aim: a goblin, wielding a +1 dagger of protection (about 49% to evade your +0 spear)
You closely miss the goblin.
The goblin hits you with a +1 dagger of protection.
* * * LOW HITPOINT WARNING * * *
Unknown command.
Reach: a) +0 spear
Press: ? - help, Dir - move target, f/p - goblin
Aim: a goblin, wielding a +1 dagger of protection (about 49% to evade your +0 spear)
You closely miss the goblin. The goblin closely misses you.
Unknown command.
Reach: a) +0 spear
Press: ? - help, Dir - move target, f/p - goblin
Aim: a goblin, wielding a +1 dagger of protection (about 49% to evade your +0 spear)
You hit the goblin.
The goblin is moderately wounded.
The goblin hits you with a +1 dagger of protection.
* * * LOW HITPOINT WARNING * * *
Unknown command.
Reach: a) +0 spear
Press: ? - help, Dir - move target, f/p - goblin
Aim: a goblin, wielding a +1 dagger of protection (moderately wounded, about 49% to evade your +0 spear)
You hit the goblin but do no damage.
The goblin is moderately wounded.
The goblin hits you with a +1 dagger of protection.
You die...

####.#####.##.#.##.###.#
#...........gg@.....#
#######.#######.#####
#.........# ###########


You could see a gnoll and a goblin.

Vanquished Creatures
  3 endoplasms (D:1)
  6 goblins (D:1)
  A hobgoblin (D:1)
  A kobold (D:1)
  2 ball pythons (D:1)
  2 bats (D:1)
  5 frilled lizards (D:1)
20 creatures vanquished.

Notes
Turn   | Place    | Note
-------+----------+-------------------------------------------
     0 | D:1      | FallingFreak the Ghoul Warper began the quest for the Orb.
     0 | D:1      | Reached XP level 1. HP: 17/17 MP: 2/2
   185 | D:1      | Reached skill level 1 in Armour
   266 | D:1      | Reached XP level 2. HP: 25/25 MP: 3/3
   818 | D:1      | Found a faded altar of an unknown god.
   923 | D:1      | Slain by a goblin

Illustrated notes

Levels and vault maps discovered:
D:1:      ebering_hopf_link, layout_loops_corners,
          dreamdust_ecumenical_altar_angels_and_demons

Skill      XL: |  1  2 |
---------------+-------+-----
Armour         | 1 |  1.2
Polearms       | 2 |  2.0
Spellcasting   | 2 |  2.0
Fighting       | |  2.5
Throwing       | |  0.8
Dodging        | |  1.7
Translocations | |  2.9

Action                     || total
---------------------------++-------
  Melee: Spear             ||    85
  Throw: Boomerang         ||     2
 Armour: Leather armour    ||    15
  Dodge: Dodged            ||    25

Table legend: (Time is in decaauts)
 A = Elapsed time spent in this place.
 B = Non-inter-level travel time spent in this place.
 C = Inter-level travel time spent in this place.
 D = Time resting spent in this place.
 E = Time spent auto-exploring this place.
 F = Levels seen in this place.
 G = Mean time per level.
                   A        B        C        D        E       F      G
               +--------+--------+--------+--------+--------+-----+--------+
         Total |    924 |    924 |      0 |     44 |    714 |   1 |  924.0 |
       Dungeon |    924 |    924 |      0 |     44 |    714 |   1 |  924.0 |
               +--------+--------+--------+--------+--------+-----+--------+

Top non-repeatable levels by time:
     D:1: 924 daAuts
